 Dungeon Crawl Stone Soup version 0.21.1-1-g345015f (webtiles) character file.

2945 Fang the Cleaver (level 9, -3/85 HPs)
             Began as a Gargoyle Berserker on June 14, 2018.
             Was an Elder of Trog.
             Slain by a hippogriff (6 damage)
             ... on level 7 of the Dungeon.
             The game lasted 00:09:53 (9499 turns).

Fang the Cleaver (Gargoyle Berserker)               Turns: 9499, Time: 00:09:53

Health: -3/85      AC:  8    Str: 33    XL:     9   Next: 80%
Magic:  9/9        EV: 14    Int:  8    God:    Trog [****..]
Gold:   542        SH:  0    Dex:  9    Spells: 8/8 levels left

rFire    . . .     SeeInvis .   a - +0 hand axe
rCold    . . .     Gourm    .   (no shield)
rNeg     + . .     Faith    .   l - +0 robe {MR+}
rPois    ∞         Spirit   .   (no helmet)
rElec    +         Reflect  .   (no cloak)
rCorr    .         Harm     .   (no gloves)
MR       +....                  (no boots)
Stlth    ..........             H - amulet of rage
HPRegen  0.24/turn              o - +4 ring of strength
MPRegen  0.11/turn              (no ring)

@: berserking, very quick
A: negative energy resistance 1, electricity resistance, unbreathing,
petrification resistance, rot immunity, AC +6
a: Berserk, Trog's Hand, Brothers in Arms, Burn Spellbooks, Renounce Religion,
Evoke Berserk Rage


You were on level 7 of the Dungeon.
You worshipped Trog.
Trog was greatly pleased with you.
You were near starving.

You visited 2 branches of the dungeon, and saw 8 of its levels.
You also visited: Ossuary.

You collected 542 gold pieces.

Inventory:

Hand Weapons
 a - a +0 hand axe (weapon)
Armour
 l - a +0 robe of magic resistance (worn)
Jewellery
 o - a +4 ring of strength (left hand)
 H - an amulet of rage (around neck)
Wands
 t - a wand of flame (47)
 D - a wand of paralysis (14)
 E - a wand of iceblast (9)
 G - a wand of digging (5)
Scrolls
 d - 10 scrolls of identify {unknown}
 e - 6 scrolls of remove curse {unknown}
 g - 5 scrolls of teleportation {unknown}
 h - 2 scrolls of magic mapping {unknown}
 j - 2 scrolls of fog {unknown}
 k - 5 scrolls of noise {unknown}
 m - 5 scrolls of amnesia {unknown}
 n - a scroll of enchant armour {unknown}
 r - a scroll of enchant weapon {unknown}
 u - a scroll of random uselessness {unknown}
 y - a scroll of holy word {unknown}
 B - a scroll of fear {unknown}
 F - a scroll of brand weapon {unknown}
Potions
 b - a potion of mutation {unknown}
 f - 3 potions of lignification {unknown}
 i - 3 potions of curing
 p - a potion of brilliance {unknown}
 q - a potion of resistance {unknown}
 s - 2 potions of heal wounds {unknown}
 v - a potion of cancellation {unknown}
 w - 2 potions of degeneration {unknown}
 x - a potion of invisibility {unknown}
 z - a potion of magic {unknown}
 A - a potion of might {unknown}
 I - a potion of agility {unknown}
Books
 C - a book of Minor Magic

   Spells                             Type                      Level
   a - Magic Dart                     Conjuration                  1
   b - Blink                          Translocation                2
   c - Call Imp                       Summoning                    2
   d - Slow                           Hexes                        2
   e - Conjure Flame                  Conjuration/Fire             3
   f - Mephitic Cloud                 Conjuration/Poison/Air       3
   Trog disapproves of the use of such an item.
 J - a book of Maledictions

   Spells                             Type                      Level
   a - Corona                         Hexes                        1
   b - Ensorcelled Hibernation        Hexes/Ice                    2
   c - Confuse                        Hexes                        3
   d - Tukima's Dance                 Hexes                        3
   e - Dazzling Spray                 Conjuration/Hexes            3
   Trog disapproves of the use of such an item.
Comestibles
 c - 9 rations


   Skills:
 + Level 7.5 Fighting
 + Level 8.8 Axes
 + Level 2.5 Armour
 + Level 5.4 Dodging
 + Level 4.5 Stealth


You had 8 spell levels left.
You didn't know any spells.

Dungeon Overview and Level Annotations

Branches:
Dungeon (7/15)             Temple (1/1) D:5

Altars:
Ashenzari
Cheibriados
Elyvilon
Fedhas
Kikubaaqudgha
Makhleb
Nemelex Xobeh
Okawaru
Qazlal
Ru
Sif Muna
Trog
Uskayaw
Vehumet
Wu Jian
Xom
Yredelemnul
Zin
The Shining One

Shops:
D:6 :


Innate Abilities, Weirdness & Mutations

You are resistant to torment.
Your stone body is resilient. (AC +6)
You are immune to poison.
You resist negative energy. (rN+)
You are resistant to electric shocks. (rElec)
You can survive without breathing.
You are immune to petrification.
You are immune to rotting.


Message History

You barely miss the hippogriff.
Unknown command.
You slash the ice beast!
The ice beast is almost dead.
You hit the hippogriff.
The ice beast hits you but does no damage.
The hippogriff bites you.
* * * LOW HITPOINT WARNING * * *
The hippogriff pecks you but does no damage.
The hippogriff claws you.
* * * LOW HITPOINT WARNING * * *
You barely miss the ice beast.
The ice beast is almost dead.
You barely miss the hippogriff.
Unknown command.
You slash the ice beast!
You kill the ice beast!
Trog accepts your kill.
You slash the hippogriff! The hippogriff bites you.
You die...

..#########.# #.
#.##........# ##.
#.##.#####..#
##>..##........)..#
#.............##.##
.###....##.##.##.##.#
.....#. #.##.##.##.#
......H###.##.......#
.......@...#####.####
###..####### #.# #
#.# ##### ..... #####


You could see a hippogriff.

Vanquished Creatures
  A hippogriff (D:6)
  Menkaure (D:6)
  An ice beast (D:7)
  2 sky beasts
  2 ogres
  3 centaurs
  The ghost of coconutsonar the Insei, an amateur OpTm (D:3)
  A bullfrog (D:7)
  8 scorpions (Ossuary)
  5 killer bees (D:7)
  A crimson imp (D:6)
  A howler monkey (D:4)
  3 centaur zombies (Ossuary)
  A gnoll shaman (D:5)
  2 human zombies (Ossuary)
  2 orc priests
  5 bullfrog skeletons
  3 orc wizards
  Jessica (D:2)
  Ijyb (D:3)
  Terence (D:2)
  4 iguanas
  3 worker ants
  3 hound skeletons
  3 mummies (Ossuary)
  A howler monkey zombie (D:5)
  Robin (D:3)
  13 gnolls
  3 scorpion zombies (Ossuary)
  9 adders
  An ooze (D:3)
  An adder skeleton (D:7)
  8 worms
  3 dart slugs
  5 leopard geckos
  14 orcs
  5 giant cockroaches
  4 gnoll zombies (Ossuary)
  21 goblins
  11 hobgoblins
  7 jackals
  2 quokkas
  A ball python (D:1)
  4 bats
  4 frilled lizards
  2 goblin zombies (Ossuary)
  A hobgoblin zombie (Ossuary)
  7 kobolds
  A kobold zombie (Ossuary)
  4 rats
192 creatures vanquished.

Notes
Turn   | Place    | Note
-------+----------+-------------------------------------------
     0 | D:1      | Fang the Gargoyle Berserker began the quest for the Orb.
     0 | D:1      | Reached XP level 1. HP: 14/14 MP: 1/1
    45 | D:1      | Reached XP level 2. HP: 17/19 MP: 2/2
   124 | D:1      | Reached skill level 3 in Axes
   560 | D:2      | Noticed Jessica
   569 | D:2      | Killed Jessica
   569 | D:2      | Reached XP level 3. HP: 24/24 MP: 3/3
   600 | D:2      | Reached XP level 4. HP: 26/29 MP: 4/4
  1019 | D:2      | Noticed Terence
  1040 | D:2      | Killed Terence
  1118 | D:2      | Reached ** piety under Trog
  1273 | D:2      | Reached XP level 5. HP: 31/33 MP: 5/5
  1696 | D:2      | You fall through a shaft for 2 floors!
  1706 | D:4      | Reached skill level 4 in Axes
  1981 | D:4      | Reached XP level 6. HP: 10/39 MP: 6/6
  1983 | D:4      | Reached skill level 1 in Stealth
  2955 | D:4      | Reached skill level 5 in Axes
  3152 | D:3      | Noticed Robin
  3170 | D:3      | Killed Robin
  3314 | D:3      | Found a bloodstained altar of Trog.
  3446 | D:3      | Found a blossoming altar of Fedhas.
  3533 | D:3      | Noticed coconutsonar's ghost (amateur OpTm)
  3545 | D:3      | Killed coconutsonar's ghost
  3545 | D:3      | Reached XP level 7. HP: 44/44 MP: 7/7
  3671 | D:3      | Noticed Ijyb
  3688 | D:3      | Killed Ijyb
  3911 | D:3      | Reached *** piety under Trog
  4186 | D:5      | Entered Level 5 of the Dungeon
  4218 | D:5      | Reached skill level 5 in Fighting
  4297 | D:5      | Found a sand-covered staircase.
  4305 | Ossuary  | Entered an ossuary
  4850 | Ossuary  | Reached skill level 6 in Axes
  5074 | Ossuary  | Reached XP level 8. HP: 37/49 MP: 8/8
  6246 | D:5      | Reached skill level 7 in Axes
  6934 | D:5      | Reached XP level 9. HP: 39/56 MP: 9/9
  7044 | D:5      | Received a gift from Trog
  7052 | D:5      | Reached **** piety under Trog
  7300 | D:5      | Found a staircase to the Ecumenical Temple.
  7477 | Temple   | Entered the Ecumenical Temple
  8192 | D:6      | Reached skill level 8 in Axes
  8273 | D:6      | Noticed Menkaure
  8283 | D:6      | Killed Menkaure
  8391 | D:6      | Reached skill level 5 in Dodging
  8586 | D:6      | Found Doivigil's Book Shoppe.
  9497 | D:7      | HP: 3/85 [hippogriff (6)]
  9499 | D:7      | Slain by a hippogriff

Skill      XL: |  1  2  3  4  5  6  7  8  9 |
---------------+----------------------------+-----
Axes           | 3 4 5 6 7 8 |  8.8
Dodging        | 2 3 4 5 |  5.4
Fighting       | 4 5 6 7 |  7.5
Stealth        | 1 2 3 4 |  4.5
Armour         | |  2.5

Action                   |  1- 3 |  4- 6 |  7- 9 || total
-------------------------+-------+-------+-------++-------
Melee: Hand axe          |    77 |   271 |   573 ||   921
Invok: Berserk           |     1 |     6 |    10 ||    17
  Use: Potion            |       |       |     1 ||     1
 Stab: Sleeping          |       |     1 |     9 ||    10
       Distracted        |       |       |     1 ||     1
  Eat: Chunk             |       |    14 |    19 ||    33
       Ration            |       |       |     3 ||     3
Armor: Animal skin       |    15 |       |       ||    15
       Robe              |    11 |    95 |   151 ||   257
Dodge: Dodged            |    69 |   186 |   318 ||   573
